Dungeon Sprint DCSS version 0.19.1-1-g22dce08 (webtiles) character file.

15100000 eldor the Conqueror (level 27, -145/272 (273) HPs) Began as a Ghoul Warper on Jan 5, 2017. Was the Champion of Makhleb. Annihilated by a fleshlord ... wielding a +9 great mace (303 damage) ... in the Dungeon (Sprint VIII: "Arena of Blood"). The game lasted 00:11:03 (151 turns). eldor the Conqueror (Ghoul Warper) Turns: 151, Time: 00:11:03 HP: -145/272 (273)AC: 6 Str: 19 XL: 27 MP: 40/53 EV: 32 Int: 8 God: Makhleb [******] Gold: 0 SH: 0 Dex: 17 Spells: 0 memorised, 80 levels left rFire . . . SeeInvis . l - +∞ Axe of Woe rCold + . . Gourm . b - +0 leather armour rNeg + + + Faith . (shield currently unavailable) rPois ∞ Spirit . (no helmet) rElec . Reflect . (no cloak) rCorr . Harm . (no gloves) MR ++... NoTele + (no boots) Stlth +++++++++. (no amulet) (no ring) (no ring) @: very slightly contaminated, rotting, slowed, very slow A: rotting body, claws 1, carnivore 3, cold resistance 1, negative energy resistance 3, slow regeneration 1, torment resistance, unbreathing a: Minor Destruction, Lesser Servant of Makhleb, Major Destruction, Greater Servant of Makhleb, Renounce Religion You were in the Dungeon. You worshipped Makhleb. Makhleb was exalted by your worship. You were not hungry. You visited 1 branch

Inventory:

Hand Weapons
 a - a +0 hand axe
 l - the +∞ Axe of Woe (weapon)
   (You found it in the Dungeon)
Missiles
 e - 5 tomahawks of dispersal (quivered)
Armour
 b - a +0 leather armour (worn)
Scrolls
 d - a scroll of blinking
Potions
 g - a potion of curing
 h - a potion of heal wounds
 i - a potion of haste
 j - 2 potions of magic
 k - a potion of berserk rage
Books
 c - a book of Spatial Translocations

   Spells                             Type                      Level
   a - Blink                          Translocation                2
   b - Shroud of Golubria             Charms/Translocation         2
   c - Lesser Beckoning               Translocation                3
   d - Portal Projectile              Translocation                3
   e - Teleport Other                 Translocation                3
   f - Passage of Golubria            Translocation                4
Comestibles
 f - a meat ration


   Skills:
 O Level 27 Fighting
 O Level 27 Axes
 O Level 27 Throwing
 O Level 27 Armour
 O Level 27 Dodging
 O Level 27 Stealth
 O Level 27 Unarmed Combat
 O Level 27 Spellcasting
   Level 2.6 Translocations
 O Level 27 Invocations


You had 80 spell levels left.
You didn't know any spells.

Dungeon Overview and Level Annotations

Branches:
Dungeon (1/1)

Altars:
Makhleb

Annotations:
D The Meatlord


Innate Abilities, Weirdness & Mutations

Your body is rotting away.
You thrive on raw meat.
You are immune to poison.
You have sharp fingernails.
You are carnivorous and can eat meat at any time.
Your flesh is cold resistant. (rC+)
You are immune to negative energy. (rN+++)
You regenerate slowly when monsters are visible.
You are immune to unholy pain and torment.
You can survive without breathing.


Message History

The tyrant waves its bony arms in wide circles.
The air twists around and strikes you!
The fleshlord points at you and mumbles some strange words.
You feel as though you will be slow longer.
You feel something staring at you.
A fireball appears from out of thin air!
The fireball explodes!
Deactivating autopickup; reactivate with Ctrl-A.
The fireball engulfs you!
The fleshlord gestures at you while chanting.
The bag of meat is engulfed in roaring flames.
The fleshlord gestures wildly while chanting.
The fleshlord points at you and mumbles some strange words.
You barely resist.
The bag of meat is engulfed in roaring flames.
The fleshlord casts a spell at you.
You already are as slow as you could be.
The fleshlord hits you with a +9 great mace!!!!!!
Ouch! That really hurt!
You die...

...... .. ...%p
#.. ..%&# #..
..p# .. .###..
.%%###.oo
......###%%.....o
......%_.%%...M.§
... #Wp)).# ...o.
...o#_p@)2#.Wo2oo


..§.#poopL#X..zoo .X...p§§Xo)oX§... .§...XDo###ooX....M ...###p.).)oo###...
.....#Lp§))X.#..... ...oC#XX)Oo.o#XOoC ...o...§.O)xWo.C.D §..o...XD)).....M# You
could see The Meatlord, 2 tentacled monstrosities, 2 tyrants, a reaper, an
eight-headed meat hydra, 9 fleshlords, 4 large abominations, 2 dreads and 11
bags of meat.

Vanquished Creatures
  5 hell knights (D)
  Sigmund (D)
  14 hell beasts (D)
  Edmund (D)
  12 greater mummies (D)
  11 great orbs of eyes (D)
  12 wraiths (D)
  Harold (D)
  27 vampire knights (D)
  58 ogres (D)
  12 liches (D)
  15 hydras (D)
  149 orcs (D)
  11 phantoms (D)
  13 hill giants (D)
  9 skeletal warriors (D)
  5 sea snakes (D)
  10 large abominations (D)
  13 small abominations (D)
  27 crawling corpses (D)
406 creatures vanquished.

Vanquished Creatures (others)
  18 crawling corpses (D)
18 creatures vanquished.

Grand Total: 424 creatures vanquished

Notes
Turn   | Place    | Note
-------+----------+-------------------------------------------
     0 | D        | eldor the Ghoul Warper began the quest for the Orb.
     0 | D        | Reached XP level 1. HP: 17/17 MP: 2/2
     3 | D        | Noticed a bag of meat
     4 | D        | Noticed a bag of meat
     4 | D        | Became a worshipper of Makhleb the Destroyer
     6 | D        | Noticed a bag of meat
     6 | D        | Noticed a bag of meat
     7 | D        | Noticed a bag of meat
     8 | D        | Noticed a bag of meat
     8 | D        | Noticed a meat berserker
     9 | D        | Noticed a bag of meat
     9 | D        | Killed a bag of meat
     9 | D        | Reached XP level 2. HP: 47/47 MP: 2/15
     9 | D        | Reached XP level 3. HP: 53/53 MP: 2/16
     9 | D        | Reached XP level 4. HP: 61/61 MP: 2/18
     9 | D        | Reached XP level 5. HP: 68/68 MP: 2/19
     9 | D        | Reached XP level 6. HP: 75/75 MP: 2/21
     9 | D        | Reached XP level 7. HP: 82/82 MP: 2/22
     9 | D        | Reached XP level 8. HP: 90/90 MP: 2/24
     9 | D        | Reached XP level 9. HP: 96/96 MP: 2/25
     9 | D        | Reached XP level 10. HP: 104/104 MP: 2/26
     9 | D        | Reached XP level 11. HP: 111/111 MP: 2/27
     9 | D        | Reached XP level 12. HP: 118/118 MP: 2/28
    10 | D        | Noticed a bag of meat
    10 | D        | Noticed a bag of meat
    10 | D        | Noticed a bag of meat
    10 | D        | Killed a bag of meat
    10 | D        | Reached * piety under Makhleb
    10 | D        | Reached skill level 15 in Axes
    10 | D        | Reached skill level 5 in Throwing
    10 | D        | Reached skill level 5 in Armour
    10 | D        | Reached XP level 13. HP: 129/129 MP: 2/30
    11 | D        | Noticed a bag of meat
    11 | D        | Noticed a bag of meat
    11 | D        | Noticed a bag of meat
    11 | D        | Noticed a bag of meat
    11 | D        | Noticed a meat berserker
    11 | D        | Killed a meat berserker
    11 | D        | Reached skill level 15 in Dodging
    11 | D        | Reached XP level 14. HP: 127/144 MP: 2/33
    11 | D        | Killed a bag of meat
    11 | D        | Reached skill level 15 in Invocations
    11 | D        | Reached XP level 15. HP: 134/152 MP: 2/35
    11 | D        | Reached ** piety under Makhleb
    12 | D        | Reached XP level 16. HP: 165/165 MP: 3/37
    13 | D        | Noticed a large bag of meat
    13 | D        | Noticed a large bag of meat
    14 | D        | Noticed a meat berserker
    14 | D        | Reached *** piety under Makhleb
    14 | D        | Reached XP level 17. HP: 178/178 MP: 3/40
    14 | D        | Killed a meat berserker
    14 | D        | Reached **** piety under Makhleb
    14 | D        | Reached XP level 18. HP: 192/192 MP: 3/42
    15 | D        | Noticed a meat berserker
    16 | D        | Reached skill level 27 in Fighting
    16 | D        | Reached skill level 10 in Throwing
    16 | D        | Reached XP level 19. HP: 207/207 MP: 4/44
    17 | D        | Noticed a meat berserker
    17 | D        | Noticed a meat berserker
    18 | D        | Reached ***** piety under Makhleb
    18 | D        | Reached skill level 27 in Axes
    18 | D        | Killed a large bag of meat
    18 | D        | Reached skill level 10 in Armour
    18 | D        | Reached skill level 27 in Invocations
    18 | D        | Killed a large bag of meat
    19 | D        | Killed a meat berserker
    19 | D        | Reached XP level 20. HP: 177/216 MP: 4/49
    20 | D        | Killed a meat berserker
    20 | D        | Reached skill level 27 in Dodging
    20 | D        | Reached skill level 27 in Spellcasting
    21 | D        | Noticed a meat berserker
    22 | D        | Killed a meat berserker
    22 | D        | Killed a meat berserker
    22 | D        | Reached XP level 21. HP: 224/224 MP: 5/51
    23 | D        | Noticed a meat berserker
    23 | D        | Noticed a meat berserker
    25 | D        | Killed a meat berserker
    25 | D        | Reached ****** piety under Makhleb
    25 | D        | Killed a meat berserker
    25 | D        | Reached skill level 27 in Throwing
    25 | D        | Reached skill level 27 in Armour
    25 | D        | Reached XP level 22. HP: 233/233 MP: 6/52
    27 | D        | Reached skill level 15 in Unarmed Combat
    28 | D        | Noticed a destroyer
    28 | D        | Noticed The Servant
    29 | D        | Reached XP level 23. HP: 240/240 MP: 7/53
    29 | D        | Reached skill level 27 in Stealth
    30 | D        | Noticed a destroyer
    31 | D        | Noticed a destroyer
    31 | D        | Noticed a destroyer
    31 | D        | Killed The Servant
    31 | D        | Reached skill level 27 in Unarmed Combat
    31 | D        | Killed a destroyer
    31 | D        | Reached XP level 24. HP: 198/249 MP: 7/53
    33 | D        | Killed a destroyer
    33 | D        | Reached XP level 25. HP: 257/257 MP: 8/53
    34 | D        | Noticed a destroyer
    36 | D        | Killed a destroyer
    37 | D        | Noticed a destroyer
    38 | D        | Noticed a destroyer
    38 | D        | Killed a destroyer
    38 | D        | Reached XP level 26. HP: 266/266 MP: 9/53
    42 | D        | Killed a destroyer
    42 | D        | Reached XP level 27. HP: 273/273 MP: 11/53
    46 | D        | Killed a destroyer
    50 | D        | Killed a destroyer
    67 | D        | Noticed The Captor
    68 | D        | Noticed a destroyer
    68 | D        | Noticed a meat beast
    68 | D        | Noticed a tyrant
    69 | D        | Noticed a destroyer
    69 | D        | Noticed a meat beast
    73 | D        | Noticed a meat beast
    73 | D        | Noticed a dread
    73 | D        | Killed The Captor
    74 | D        | Killed a tyrant
    75 | D        | Noticed a tyrant
    75 | D        | Noticed a destroyer
    75 | D        | Noticed a meat beast
    75 | D        | Noticed a tyrant
    75 | D        | Killed a destroyer
    76 | D        | Noticed a dread
    76 | D        | Noticed a destroyer
    76 | D        | Killed a meat beast
    76 | D        | Killed a destroyer
    77 | D        | Killed a meat beast
    79 | D        | Noticed a meat beast
    79 | D        | Noticed a destroyer
    79 | D        | Noticed an accursed
    79 | D        | Noticed a meat beast
    79 | D        | Killed a meat beast
    79 | D        | Killed a meat beast
    80 | D        | Noticed a dread
    80 | D        | Noticed a meat beast
    80 | D        | Killed a destroyer
    81 | D        | Noticed a dread
    81 | D        | Noticed a destroyer
    81 | D        | Killed a destroyer
    82 | D        | Noticed a destroyer
    82 | D        | Killed a meat beast
    82 | D        | Killed a destroyer
    83 | D        | Noticed a dread
    83 | D        | Killed a meat beast
    84 | D        | Noticed an accursed
    84 | D        | Noticed a meat beast
    85 | D        | Killed a destroyer
    85 | D        | Killed a dread
    85 | D        | Killed a meat beast
    86 | D        | Noticed a tyrant
    87 | D        | Killed a tyrant
    88 | D        | Killed a meat beast
    89 | D        | Noticed a tyrant
    89 | D        | Noticed a destroyer
    89 | D        | Noticed a destroyer
    89 | D        | Noticed a destroyer
    89 | D        | Noticed a destroyer
    89 | D        | Noticed a destroyer
    89 | D        | Noticed an accursed
    89 | D        | Noticed an accursed
    89 | D        | Noticed an accursed
    89 | D        | Noticed an accursed
    89 | D        | Noticed a dread
    90 | D        | Noticed a meat beast
    90 | D        | Noticed a tyrant
    90 | D        | Noticed a tyrant
    90 | D        | Noticed a tyrant
    90 | D        | Killed a destroyer
    91 | D        | Killed a destroyer
    91 | D        | Killed a destroyer
    92 | D        | Noticed an accursed
    92 | D        | Noticed a destroyer
    92 | D        | Noticed a meat beast
    94 | D        | Noticed a destroyer
    94 | D        | Killed a meat beast
    94 | D        | Killed a destroyer
    95 | D        | Killed a destroyer
    95 | D        | Killed an accursed
    96 | D        | Killed a destroyer
    97 | D        | Noticed a meat beast
    99 | D        | Noticed The Defiler
    99 | D        | Noticed a destroyer
    99 | D        | Killed an accursed
   101 | D        | Killed a tyrant
   101 | D        | Killed an accursed
   102 | D        | Killed a destroyer
   102 | D        | Killed a destroyer
   103 | D        | Noticed a dread
   103 | D        | Noticed an accursed
   103 | D        | Killed a meat beast
   104 | D        | Killed a destroyer
   105 | D        | Noticed a destroyer
   106 | D        | Killed a tyrant
   107 | D        | Noticed an accursed
   107 | D        | Noticed an accursed
   107 | D        | Killed a dread
   107 | D        | Killed a dread
   108 | D        | Noticed a tyrant
   108 | D        | Killed a meat beast
   109 | D        | Noticed an accursed
   109 | D        | Killed a dread
   110 | D        | Noticed an accursed
   110 | D        | Killed a tyrant
   112 | D        | Noticed a tyrant
   112 | D        | Noticed a destroyer
   112 | D        | Killed a tyrant
   112 | D        | Killed The Defiler
   113 | D        | Killed a dread
   115 | D        | Noticed a dread
   115 | D        | Killed a destroyer
   117 | D        | Noticed a destroyer
   117 | D        | Killed a destroyer
   119 | D        | Noticed a destroyer
   119 | D        | Killed a destroyer
   120 | D        | Killed an accursed
   121 | D        | Killed a dread
   121 | D        | Killed a destroyer
   122 | D        | Noticed a tyrant
   122 | D        | Noticed a dread
   123 | D        | Noticed a tyrant
   123 | D        | Killed an accursed
   125 | D        | Noticed a dread
   125 | D        | Killed a tyrant
   125 | D        | Killed an accursed
   126 | D        | Killed a dread
   128 | D        | Noticed a fleshlord
   128 | D        | Killed a tyrant
   129 | D        | Killed an accursed
   129 | D        | Killed a tyrant
   130 | D        | Noticed a fleshlord
   133 | D        | Noticed a fleshlord
   134 | D        | Killed an accursed
   135 | D        | Noticed a dread
   135 | D        | Noticed a fleshlord
   136 | D        | Killed an accursed
   136 | D        | Killed a fleshlord
   137 | D        | Noticed a dread
   137 | D        | Noticed a tyrant
   137 | D        | Killed a tyrant
   138 | D        | Noticed a fleshlord
   138 | D        | Noticed a dread
   138 | D        | Noticed a fleshlord
   138 | D        | Noticed a tyrant
   138 | D        | Killed a fleshlord
   138 | D        | Killed an accursed
   138 | D        | Killed a dread
   139 | D        | Noticed a fleshlord
   139 | D        | Noticed a fleshlord
   139 | D        | Killed a dread
   140 | D        | Noticed a fleshlord
   140 | D        | Noticed a dread
   141 | D        | Noticed a fleshlord
   141 | D        | Killed a dread
   141 | D        | Killed a tyrant
   142 | D        | Noticed a meat beast
   142 | D        | Killed a dread
   143 | D        | Noticed a fleshlord
   143 | D        | Noticed a meat beast
   143 | D        | Killed a fleshlord
   143 | D        | Killed a dread
   145 | D        | Noticed a fleshlord
   145 | D        | Killed a tyrant
   145 | D        | Killed a meat beast
   146 | D        | Noticed a destroyer
   146 | D        | Killed a fleshlord
   146 | D        | Killed a meat beast
   147 | D        | Killed a destroyer
   147 | D        | Killed a fleshlord
   149 | D        | Noticed a meat beast
   150 | D        | Killed an accursed
   151 | D        | Noticed The Meatlord
   151 | D        | Killed an accursed
   151 | D        | Killed a meat beast
   151 | D        | Annihilated by a fleshlord

Skill      XL: |  1  2  3  4  5  6  7  8  9 10 11 12 13 14 15 16 17 18 19 20 21 22 23 |
---------------+----------------------------------------------------------------------+-----
Fighting       | 14 16 18 19 20 22 24 27 | 27.0
Axes           | 13 15 17 18 19 22 24 26 27 | 27.0
Throwing       | 4 5 6 7 8 9 10 12 22 27 | 27.0
Armour         | 4 5 6 7 8 9 11 19 27 | 27.0
Dodging        | 12 13 15 16 17 19 20 21 25 27 | 27.0
Spellcasting   | 13 14 16 17 18 20 21 22 26 27 | 27.0
Invocations    | 9 13 15 17 20 22 25 27 | 27.0
Stealth        | 26 27 | 27.0
Unarmed Combat | 24 27 | 27.0
Translocations | |  2.6

Action                   |  1- 3 |  4- 6 |  7- 9 | 10-12 | 13-15 | 16-18 | 19-21 | 22-24 | 25-27 || total
-------------------------+-------+-------+-------+-------+-------+-------+-------+-------+-------++-------
Melee: Executioner's axe |     1 |       |       |     1 |     2 |     3 |     6 |     4 |    91 ||   108
  Use: Scroll            |       |       |       |       |       |       |       |       |     1 ||     1
Armor: Leather armour    |       |       |       |       |       |       |       |       |     5 ||     5
Dodge: Dodged            |       |       |       |       |     1 |       |       |     1 |    19 ||    21
